 Dungeon Crawl Stone Soup version 0.25-a0-503-ge281fa673e (console) character file.

Game seed: 13684930122727592602, levelgen mode: deterministic

9975 utis the Tainter (level 11, 0/67 (68) HPs)
             Began as a Tengu Venom Mage on Feb 13, 2020.
             Hit by a silver javelin thrown by a minotaur (1 damage)
             ... in a Gauntlet.
             The game lasted 01:00:58 (15684 turns).

utis the Tainter (Tengu Venom Mage)                Turns: 15684, Time: 01:00:58

HP:   0/67 (68)     AC: 18    Str: 11    XL:     11   Next: 54%
MP:   17/17         EV: 20    Int: 18    God:
Gold: 98            SH:  0    Dex: 19    Spells: 2/17 levels left

rFire    . . .     SeeInvis .   a - +1 rapier (drain)
rCold    + . .     Gourm    .   (no shield)
rNeg     . . .     Faith    .   H - +3 scale mail {rC+}
rPois    .         Spirit   .   f - +1 hat {Int+3}
rElec    .         Reflect  .   n - +1 cloak {+Inv}
rCorr    .         Harm     +   V - +0 pair of fencer's gloves {Riposte Dex+3}
MR       .....     NoTele   +   (boots unavailable)
Stlth    +.........             G - amulet of harm
HPRegen  0.21/turn              E - +3 ring of evasion
MPRegen  0.15/turn              O - +4 ring of protection

@: flying quickly and evasively, very slightly contaminated, hasted, invisible,
very quick
A: beak, talons 3, able to fly
a: Stop Flying


You were in a Gauntlet.
You were very hungry.

You visited 2 branches of the dungeon, and saw 12 of its levels.
You also visited: Gauntlet.

You collected 603 gold pieces.
You spent 505 gold pieces at shops.

Inventory:

Hand Weapons
 a - a +1 rapier of draining (weapon)
 b - a +0 hunting sling
 d - a +0 dagger
 e - a +0 club
 p - a +0 spear
 s - a +2 dagger of freezing
 B - a +0 long sword
 I - a +0 dagger of flaming
 L - a +1 dagger of freezing
 M - a +0 flail
Missiles
 j - 212 stones
 k - a throwing net {=f}
 m - 2 boomerangs (quivered)
 o - 110 sling bullets
 w - 26 poisoned darts
Armour
 f - a +1 hat of intelligence (worn)
 h - a +0 robe
 l - the +0 pair of gloves of Complete Protection {Int+2}
   (You found it in a Gauntlet)

   It affects your intelligence (+2).
   If you switch to wearing this armour, your AC will remain unchanged.
 n - a +1 cloak of invisibility (worn)
 q - a +2 plate armour of positive energy
 t - a +0 ring mail
 A - a +0 scale mail
 H - a +3 scale mail of cold resistance (worn)
 V - the +0 pair of fencer's gloves (worn) {Riposte Dex+3}
   (You acquired it on level 10 of the Dungeon)

   It affects your dexterity (+3).
   If you remove this armour, your AC will decrease by 1 (18 -> 17).
Jewellery
 g - the ring "Caipn" {Ice -Tele rPois MR++}
   (You found it in a Gauntlet)

   [ring of ice]

   It enhances your ice magic.
   It makes you vulnerable to fire.
   It protects you from cold.
   It protects you from poison.
   It affects your resistance to hostile enchantments.
   It prevents most forms of teleportation.
 C - an uncursed ring of protection from cold
 E - a +3 ring of evasion (left hand)
 G - an amulet of harm (around neck)
 O - a +4 ring of protection (right hand)
 P - an uncursed ring of poison resistance
Wands
 r - a wand of digging (15)
 y - a wand of polymorph (4)
 K - a wand of iceblast (28)
Scrolls
 i - 2 scrolls of fog
 D - 2 scrolls of magic mapping
 F - a scroll of remove curse {@r2}
 U - a scroll of vulnerability {unknown}
 X - 3 scrolls of teleportation {@r4}
Potions
 S - a potion of might
 Y - 2 potions of flight {unknown}
Comestibles
 c - 21 rations {@e1}


   Skills:
 + Level 7.7 Fighting
 - Level 6.4 Short Blades
 - Level 4.1 Armour
 - Level 8.8 Dodging
 - Level 2.0 Stealth
 - Level 3.9 Spellcasting
 - Level 4.1 Conjurations
 - Level 0.7 Transmutations
 - Level 6.2 Air Magic
 - Level 9.0 Poison Magic
 - Level 5.0 Evocations


You had 2 spell levels left.
You knew the following spells:

 Your Spells              Type           Power        Failure   Level  Hunger
a - Sting                 Tmut/Pois      ###.         11%         1    None
b - Lightning Bolt        Conj/Air       ###.......   95%         5    ######.
p - Mephitic Cloud        Conj/Pois/Air  ####....     17%         3    ###....
X - Olgreb's Toxic Radia  Pois           #####...     21%         4    ####...
Y - Poisonous Vapours     Pois/Air       ####..       5%          2    ##.....

Your spell library contained the following spells:

 Spells                   Type           Power        Failure   Level  Hunger
 Shock                    Conj/Air       ###.         10%         1    None
 Swiftness                Chrm/Air       ##......     32%         2    ##.....
 Corona                   Hex            #......      63%         1    None
 Slow                     Hex            #.......     77%         2    ##.....
 Static Discharge         Conj/Air       ###.....     28%         3    ###....
 Airstrike                Air            ####......   52%         4    ####...
 Ignite Poison            Fire/Tmut/Pois ###.....     54%         3    ###....
 Inner Flame              Hex/Fire       #.......     94%         3    ###....
 Portal Projectile        Hex/Tloc       #.....       94%         3    ###....
 Cause Fear               Hex            #.........   100%        4    ####...
 Leda's Liquefaction      Hex/Erth       #.........   100%        4    ####...


Dungeon Overview and Level Annotations

Branches:
Dungeon (11/15)            Temple (0/1) D:6            Lair (1/6) D:9
Gauntlet (1/1)
    Orc: D:9-12

Altars:
Cheibriados
Fedhas
Gozag
Kikubaaqudgha
Makhleb
Nemelex Xobeh
Okawaru
Trog
Wu Jian
Xom

Shops:
D:7 ([   D:8 ?   D:10 ?

Annotations:
D:8 1 runed translucent door, sking99's ghost, novice VSAK
Lair:1 3 runed translucent doors, jt's ghost, journeyman OpWz Gauntlet 8 transporters


Innate Abilities, Weirdness & Mutations

You have a beak for a mouth.
You have claws for feet.
You can fly continuously.


Message History

* * * LOW HITPOINT WARNING * * *
The minotaur freezes you.
* * * LOW HITPOINT WARNING * * *
The minotaur gores you!
* * * LOW HITPOINT WARNING * * *
Unknown command.
There is an open door here.
Okay, then.
You feel yourself speed up. The minotaur misses you.
The minotaur completely misses you.
Unknown command.
Evoke which item? (* to show all) (? for menu, Esc to quit)
Aiming: Iceblast
Press: ? - help, Shift-Dir - straight line, f - minotaur
Aim: a minotaur, wielding a +2 short sword of freezing, wearing a +0 plate armour, wearing a +0 kite shield, wearing the ring of Gimaufim {*Drain rF+++ rN+ MP+9 Int-2} and quivering 19 silver javelins (lightly wounded, unusually strong)
The mass of ice explodes!
The iceblast engulfs the minotaur!
The minotaur is moderately wounded.
The minotaur throws a silver javelin.
The silver javelin pierces through you!
* * * LOW HITPOINT WARNING * * *
You die...

▓▓▓▓ ▓▓▓▒▒§............
▓....▓▓.▓▓▒▒.8.....8....
▓.▓▓.▓▓..▓▒≈............
▓.▓▓......▒▒...▒▒▒▒▒▒▒▒▒
░░░░░░░.▓▓.▓▓....▒...▒...Eh▓R▒
░≈≈≈░.░....▓▓.©8.▒...▒)▓▒▓.▓.▒
░≈≈.░.░.▓▓.▓▓....▒...▒[..▓▒▓.▒
░≈∩...'.▓▓....©8.▒.8.▒©..©...▒
░≈≈.░.░.▓▓.▓▓Q...▒...▒!..▓▒▓.▒
░≈≈≈░.░....▓▓.©8.▒...▒.▓▒▓.▓.▒
░░░░░░░.▓▓.▓▓....▒...▒ER...▓.▒
▓.▓▓..H...▒▒...▒▒▒▒▒▒▒▒▒
▓.▓▓.▓▓..▓▒≈............
▓....▓▓.▓▓▒▒.8.....8....
▓▓▓▓▓▓▓▓▓▒▒.............
▒≈...▒▒▒▒▒▒▒▒▒▒
▒▒...▒.▒..▒....


You could see a minotaur.

Vanquished Creatures
  A two-headed ogre (D:10)
  A death drake (Gauntlet)
  A wolf spider zombie (Gauntlet)
  A cyclops (D:9)
  3 centaur zombies
  A gargoyle (D:10)
  A komodo dragon (D:9)
  A troll (D:9)
  2 hornets (D:8)
  2 raiju (Gauntlet)
  3 hippogriffs
  A yak (D:9)
  2 soldier ants
  Duvessa (D:6)
  3 porcupines (Lair:1)
  2 orc warriors (D:8)
  2 ice beasts
  A hornet zombie (D:10)
  3 necrophages
  2 eyes of draining (D:10)
  3 phantoms
  A black bear (D:8)
  An ogre (D:5)
  4 centaurs
  A crocodile (Lair:1)
  7 bullfrogs
  2 big kobolds
  Dowan (D:6)
  2 scorpions
  4 killer bees (D:7)
  A wight (D:9)
  3 vampire bats (D:7)
  2 howler monkeys
  5 crimson imps
  A quasit (D:7)
  4 hounds
  A jelly (D:6)
  5 orc priests
  A bullfrog skeleton (D:4)
  A centaur skeleton (D:8)
  2 iguanas
  Ijyb (D:4)
  5 orc wizards
  A lightning spire (Gauntlet)
  6 worker ants
  A hound zombie (D:10)
  A howler monkey zombie (D:9)
  A worker ant zombie (D:2)
  5 gnolls (D:5)
  9 adders
  A shadow imp (D:7)
  4 oozes
  2 adder zombies
  An adder skeleton (D:5)
  3 worms
  2 dart slugs
  3 leopard geckos
  46 orcs
  A bat skeleton (D:7)
  4 bat zombies (D:7)
  6 giant cockroaches
  12 goblins
  9 hobgoblins
  25 jackals
  14 kobolds
  3 quokkas
  6 bats
  4 frilled lizards
  6 rats
268 creatures vanquished.

Vanquished Creatures (others)
  2 fungi (D:8)
  20 plants
  9 withered plants (Gauntlet)
31 creatures vanquished.

Grand Total: 299 creatures vanquished

Notes
Turn   | Place    | Note
-------+----------+-------------------------------------------
     0 | D:1      | utis the Tengu Venom Mage began the quest for the Orb.
     0 | D:1      | Reached XP level 1. HP: 10/10 MP: 4/4
   255 | D:1      | Reached XP level 2. HP: 15/15 MP: 4/6
   451 | D:1      | Learned a level 2 spell: Poisonous Vapours
   948 | D:1      | Reached XP level 3. HP: 19/19 MP: 7/7
   956 | D:1      | Learned a level 3 spell: Mephitic Cloud
  1550 | D:2      | Found a bloodstained altar of Trog.
  1620 | D:2      | Reached skill level 1 in Air Magic
  1620 | D:2      | Reached XP level 4. HP: 10/24 MP: 6/8
  2438 | D:2      | Found a shimmering altar of Xom.
  2540 | D:2      | Reached skill level 4 in Poison Magic
  2941 | D:3      | Gained mutation: You can fly continuously. [Tengu growth]
  2941 | D:3      | Reached XP level 5. HP: 28/28 MP: 7/9
  3436 | D:3      | Found an opulent altar of Gozag.
  3890 | D:3      | Reached XP level 6. HP: 25/32 MP: 4/10
  4032 | D:4      | Reached skill level 5 in Poison Magic
  4229 | D:4      | Noticed Ijyb
  4241 | D:4      | Killed Ijyb
  4651 | D:4      | Reached XP level 7. HP: 35/36 MP: 7/12
  4803 | D:5      | Entered Level 5 of the Dungeon
  5035 | D:5      | Reached skill level 5 in Air Magic
  5295 | D:5      | Found an iron altar of Okawaru.
  5435 | D:5      | Reached skill level 1 in Conjurations
  5435 | D:5      | Reached skill level 6 in Poison Magic
  5615 | D:5      | Noticed Grinder
  5633 | D:5      | Noticed Grinder
  5633 | D:5      | Grinder changed into Grinder the crimson imp
  5667 | D:5      | Killed Grinder the crimson imp
  6172 | D:6      | Found a sparkling altar of Nemelex Xobeh.
  6274 | D:6      | Noticed Sigmund
  6285 | D:6      | Noticed Sigmund
  6285 | D:6      | Sigmund changed into Sigmund the jelly
  6289 | D:6      | Killed Sigmund the jelly
  6621 | D:6      | Found a staircase to the Ecumenical Temple.
  6674 | D:6      | Noticed Duvessa
  6698 | D:6      | Noticed Dowan
  6710 | D:6      | Killed Duvessa
  6710 | D:6      | Reached XP level 8. HP: 15/41 MP: 3/13
  6816 | D:6      | Reached skill level 7 in Poison Magic
  6822 | D:6      | Reached skill level 1 in Fighting
  6898 | D:6      | Killed Dowan
  7280 | D:7      | Noticed a hippogriff
  7300 | D:7      | Killed a hippogriff
  7300 | D:7      | Reached skill level 5 in Dodging
  7596 | D:6      | Reached skill level 8 in Poison Magic
  8105 | D:7      | Learned a level 4 spell: Olgreb's Toxic Radiance
  8148 | D:7      | Reached XP level 9. HP: 17/51 MP: 10/14
  8365 | D:7      | Found Kellitiu's Antique Armour Emporium.
  8415 | D:7      | Found Weagil's Weapon Shop.
  8553 | D:7      | Found an ancient bone altar of Kikubaaqudgha.
  8721 | D:7      | sigh
  8840 | D:7      | Found a snail-covered altar of Cheibriados.
  9754 | D:7      | Bought a +1 rapier of draining for 184 gold pieces
  9913 | D:8      | Found a runed translucent door.
  9918 | D:8      | Noticed sking99's ghost (novice VSAK)
  9919 | D:8      | Identified the +3 spear of Cepri {pain, +Inv rF+ Stlth-}
 10083 | D:8      | Reached skill level 5 in Fighting
 10256 | D:8      | Found Zigulir's Magic Scroll Boutique.
 10264 | D:8      | Bought a scroll of remove curse for 36 gold pieces
 10264 | D:8      | Bought a scroll of fog for 24 gold pieces
 10598 | D:8      | Reached skill level 1 in Short Blades
 10706 | D:8      | Noticed a hornet
 10715 | D:8      | Killed a hornet
 10719 | D:8      | Noticed a hornet
 10736 | D:8      | Killed a hornet
 11218 | D:8      | Reached XP level 10. HP: 45/60 MP: 3/15
 11421 | D:8      | Found an ornate altar of the Wu Jian Council.
 11804 | D:9      | Reached skill level 5 in Short Blades
 11889 | D:9      | Noticed a cyclops
 12188 | D:9      | Found a shimmering altar of Xom.
 12241 | D:9      | Found a blossoming altar of Fedhas.
 12527 | D:9      | Killed a cyclops
 12765 | D:9      | Found a staircase to the Lair.
 13095 | D:7      | Bought a shiny scale mail for 196 gold pieces
 13324 | D:9      | Found a burning altar of Makhleb.
 13382 | D:10     | Entered Level 10 of the Dungeon
 13385 | D:10     | Identified 3 scrolls of acquirement
 13385 | D:10     | Identified the amulet "Surakh" {Reflect *Corrode rF+++ SH+4
                  | SInv} (You acquired it on level 10 of the Dungeon)
 13392 | D:10     | Reached skill level 1 in Armour
 13404 | D:10     | Identified the ring "Nuvuemad" {MR+ Int+3 SInv} (You
                  | acquired it on level 10 of the Dungeon)
 13405 | D:10     | Found the +0 pair of fencer's gloves {Riposte Dex+3}
 13405 | D:10     | Identified the amulet "Qoryujea" {-Tele rC+++ rN+ Regen+
                  | Slay+5} (You acquired it on level 10 of the Dungeon)
 13749 | D:10     | Noticed a gargoyle
 13768 | D:10     | HP: 1/61 [gargoyle/stone arrow (33)]
 13788 | D:10     | Learned a level 5 spell: Lightning Bolt
 13902 | D:10     | Killed a gargoyle
 13946 | D:10     | Noticed a two-headed ogre
 13963 | D:10     | Killed a two-headed ogre
 13963 | D:10     | Reached XP level 11. HP: 66/66 MP: 6/17
 14003 | D:10     | Reached skill level 9 in Poison Magic
 14120 | D:10     | Found Nuteskuq's Magic Scroll Shop.
 14130 | D:10     | Bought a scroll of teleportation for 39 gold pieces
 14131 | D:10     | Bought a scroll of identify for 26 gold pieces
 14152 | D:10     | Reached skill level 1 in Evocations
 14750 | Lair:1   | Entered Level 1 of the Lair of Beasts
 14811 | Lair:1   | Found a runed translucent gate.
 14813 | Lair:1   | Found a runed translucent gate.
 14813 | Lair:1   | Found a runed translucent gate.
 14815 | Lair:1   | Noticed jt's ghost (journeyman OpWz)
 14852 | Lair:1   | Found a gate leading to a gauntlet.
 14878 | Gauntlet | Entered a Gauntlet
 14878 | Gauntlet | Found a transporter.
 14887 | Gauntlet | Found a transporter.
 14903 | Gauntlet | Found a transporter.
 14907 | Gauntlet | Found a transporter.
 14925 | Gauntlet | Found a transporter.
 14927 | Gauntlet | Noticed a death drake
 14938 | Gauntlet | Found a transporter.
 14951 | Gauntlet | Found a transporter.
 14975 | Gauntlet | Found a transporter.
 14975 | Gauntlet | Found a transporter.
 14979 | Gauntlet | Noticed an entropy weaver
 14981 | Gauntlet | Found a transporter.
 15014 | Gauntlet | Found a transporter.
 15040 | Gauntlet | Found a transporter.
 15310 | Gauntlet | Got a slimy steel ring
 15348 | Gauntlet | Reached skill level 5 in Evocations
 15353 | Gauntlet | Killed a death drake
 15603 | Gauntlet | Got a pair of distressingly furry gloves
 15614 | Gauntlet | Identified the cursed +0 pair of gloves of Complete
                  | Protection {Int+2} (You found it in a Gauntlet)
 15636 | Gauntlet | Identified the ring "Caipn" {Ice -Tele rPois MR++} (You
                  | found it in a Gauntlet)
 15661 | Gauntlet | Identified the ring of Gimaufim {*Drain rF+++ rN+ MP+9
                  | Int-2}
 15661 | Gauntlet | Noticed a minotaur
 15684 | Gauntlet | HP: 1/67 [minotaur/silver javelin (10)]
 15684 | Gauntlet | Hit by a silver javelin thrown by a minotaur

Levels and vault maps discovered:
D:1:      dpeg_arrival_snail, layout_basic, minmay_misc_feat_roman
D:2:      layout_rooms, xom_teletrap_fun, old_standard_altar, patterned_corridor
D:3:      layout_rooms, grunt_gozag_statues
D:4:      layout_cave_pools, first_ration, uniq_ijyb
D:5:      layout_basic, okawaru_altar_gauntlet_db, uniq_grinder
D:6:      layout_loops_ring, old_standard_altar, minmay_temple_entry_grid,
          uniq_sigmund, uniq_crazy_yiuf_cottage, uniq_duvessa
D:7:      layout_basic, cheibrodos_worm_habitat, kennysheep_vampire_church,
          serial_shops, shop, shop
D:8:      layout_rooms, kennysheep_mini, serial_shops,
          nicolae_shop_temple_entry_statues_fountains, special_room
          [special_room_orc], ebering_ghost_funeral_grove,
          hangedman_pestilent_swarm
D:9:      layout_roguey, fedhas_altar_fruit_tree, lightli_temple_of_fire,
          david_lair_shrubbed, minmay_ruined_shrine
D:10:     layout_cave_pools, serial_shops, shop, dk_vineyard_2
D:11:     kennysheep_town, uniq_grum
Lair:1:   layout_small_grid, gammafunk_ghost_split, gauntlet_entry_generic
Gauntlet: minmay_gauntlet_mixed_oops_all_seconds
          [minmay_gauntlet_arena_77_two_lines, gammafunk_gauntlet_arena_spirals,
          minmay_gauntlet_arena_77_broken_ladder,
          gammafunk_gauntlet_arena_corners, minmay_gauntlet_arena_77_mirror,
          gammafunk_gauntlet_arena_arrow_garden, gauntlet_exit_watery]

Skill      XL: |  1  2  3  4  5  6  7  8  9 10 11 |
---------------+----------------------------------+-----
Dodging        | 3 4 5 8 |  8.8
Air Magic      | 1 2 3 4 5 6 |  6.2
Poison Magic   | 4 5 6 8 9 |  9.0
Spellcasting   | 3 |  3.9
Conjurations   | 3 4 |  4.1
Fighting       | 3 6 7 |  7.7
Short Blades   | 4 6 |  6.4
Armour         | 3 4 |  4.1
Evocations     | 5 |  5.0
Stealth        | |  2.0
Transmutations | |  0.7

Action                   |  1- 3 |  4- 6 |  7- 9 | 10-12 || total
-------------------------+-------+-------+-------+-------++-------
Melee: Club              |     7 |       |       |       ||     7
       Kick              |    10 |    26 |    60 |   102 ||   198
       Dagger            |    32 |   130 |   177 |       ||   339
       Peck              |     2 |    20 |    49 |    72 ||   143
       Unarmed           |       |     3 |       |       ||     3
       Rapier            |       |       |    96 |   281 ||   377
 Fire: Hunting sling     |       |     1 |    12 |       ||    13
Throw: Stone             |    13 |    11 |     2 |       ||    26
       Boomerang         |       |       |     4 |     9 ||    13
 Cast: Sting             |    38 |    39 |    55 |    10 ||   142
       Poisonous Vapours |     5 |    23 |    43 |    21 ||    92
       Mephitic Cloud    |       |       |     9 |     6 ||    15
       Olgreb's Toxic Ra |       |       |     1 |       ||     1
 Abil: Fly               |       |     1 |       |       ||     1
       Evoke Invisibilit |       |       |       |     1 ||     1
Evoke: Wand              |       |       |     2 |    12 ||    14
  Use: Scroll            |       |     5 |    12 |     8 ||    25
       Potion            |       |       |     4 |    12 ||    16
 Stab: Sleeping          |       |     1 |       |       ||     1
       Confused          |       |       |     5 |     1 ||     6
       Paralysed         |       |       |       |     3 ||     3
       Invisible         |       |       |       |     3 ||     3
  Eat: Chunk             |     3 |    12 |    24 |    15 ||    54
Armor: Robe              |    12 |     5 |       |       ||    17
       Ring mail         |       |    12 |    71 |    18 ||   101
       Scale mail        |       |       |       |    41 ||    41
Dodge: Dodged            |    34 |    86 |   284 |   228 ||   632
       Rpst.: Rapier     |       |       |       |    35 ||    35

Table legend:
 A = Non-vault XP
 B = Vault XP
 C = Vault XP percentage of total XP
 D = Non-vault monster count
 E = Vault monster count
 F = Vault count percentage of total count
                 A         B        C        D         E       F
            +---------+---------+-------+---------+---------+-------
      Total |    8250 |    6001 |  42.1 |     203 |      65 |  24.3
            +---------+---------+-------+---------+---------+-------
        D:1 |      53 |       0 |   0.0 |      24 |       0 |   0.0
        D:2 |     100 |       0 |   0.0 |      27 |       0 |   0.0
        D:3 |     147 |       0 |   0.0 |      31 |       0 |   0.0
        D:4 |     292 |      36 |  11.0 |      12 |       1 |   7.7
        D:5 |     246 |     121 |  33.0 |       5 |       7 |  58.3
        D:6 |     480 |     260 |  35.1 |      11 |       3 |  21.4
        D:7 |    1215 |     182 |  13.0 |      25 |       9 |  26.5
        D:8 |     693 |    1109 |  61.5 |      11 |      28 |  71.8
        D:9 |    1140 |    1331 |  53.9 |      25 |       9 |  26.5
       D:10 |    3202 |       0 |   0.0 |      25 |       0 |   0.0
       D:11 |      59 |      97 |  62.2 |       2 |       1 |  33.3
     Lair:1 |     623 |       0 |   0.0 |       5 |       0 |   0.0
   Gauntlet |       0 |    2865 | 100.0 |       0 |       7 | 100.0
            +---------+---------+-------+---------+---------+-------
